 Dungeon Crawl Stone Soup version 0.29-a0-451-gfbfa42419e (webtiles) character file.

Game seed: 9244903555452107669

1374 acebull12 the Cleaver (level 8, -2/71 HPs)
             Began as a Hill Orc Fighter on May 20, 2022.
             Was an Initiate of Okawaru.
             Slain by a five-headed hydra (6 damage)
             ... on level 6 of the Dungeon.
             The game lasted 00:12:03 (6665 turns).

acebull12 the Cleaver (Hill Orc Fighter)            Turns: 6665, Time: 00:12:04

Health: -2/71      AC: 12    Str: 21    XL:     8   Next: 66%
Magic:  8/8        EV: 11    Int:  8    God:    Okawaru [......]
Gold:   289        SH:  6    Dex: 17    Spells: 7/7 levels left

rFire   . . .      SeeInvis .   G - +0 trident
rCold   . . .      Faith    .   c - +0 buckler
rNeg    + . .      Spirit   .   t - +1 ring mail of Liberalism {rN+ Will- Dex+5}
rPois   .          Reflect  .   u - +0 helmet
rElec   .          Harm     .   (no cloak)
rCorr   .          Rampage  .   (no gloves)
Will    .....      Clarity  +   (no boots)
Stlth   +.........              (no amulet)
HPRegen 0.21/turn               r - +4 ring of protection
MPRegen 0.11/turn               (no ring)

@: mighty, invisible (expiring)
A: fangs 1, agile 1, clarity
a: Renounce Religion


You were on level 6 of the Dungeon.
You worshipped Okawaru.
Okawaru was noncommittal.
You visited 2 branches of the dungeon, and saw 8 of its levels.

You collected 289 gold pieces.

Inventory:

Hand Weapons
 a - a +0 war axe
 G - a +0 trident (weapon)
Armour
 b - a +0 scale mail
 c - a +0 buckler (worn)
 t - the +1 ring mail of Liberalism (worn) {rN+ Will- Dex+5}
   (You found it on level 3 of the Dungeon)

   Dex:       It affects your dexterity (+5).
   rN:        It protects you from negative energy.
   Will:      It decreases your willpower.
 u - a +0 helmet (worn)
Jewellery
 g - a ring of fire
 i - a ring of protection from cold
 j - a ring of positive energy
 r - a +4 ring of protection (left hand)
 w - an amulet of regeneration
 B - a ring of willpower
 D - a ring of flight
Wands
 C - a wand of mindburst (11)
 E - a wand of acid (4)
 F - a wand of iceblast (9)
Scrolls
 e - 4 scrolls of teleportation {unknown}
 f - a scroll of amnesia {unknown}
 h - 2 scrolls of fear {unknown}
 k - a scroll of brand weapon {unknown}
 l - 3 scrolls of magic mapping {unknown}
 o - a scroll of enchant weapon {unknown}
 q - a scroll of immolation {unknown}
 x - 3 scrolls of identify
 y - 3 scrolls of torment {unknown}
 z - 2 scrolls of blinking {unknown}
Potions
 d - 3 potions of might
 m - a potion of flight {unknown}
 p - 5 potions of curing
 s - 2 potions of resistance
 A - a potion of berserk rage {unknown}


   Skills:
 * Level 6.3 Fighting
 * Level 9.9 Axes
 + Level 5.0 Armour
 + Level 1.8 Dodging
 + Level 0.5 Stealth
 * Level 5.2 Shields


You had 7 spell levels left.
You didn't know any spells.
Your spell library contained the following spells:

 Spells                   Type           Power      Damage    Failure   Level
 Scorch                   Fire           0%         2d5       80%         2
 Portal Projectile        Hex/Tloc       0%         N/A       95%         3
 Flame Wave               Conj/Fire      0%         2d4       100%        4
 Leda's Liquefaction      Hex/Erth       0%         N/A       100%        4
 Call Canine Familiar     Summ           Unusable   N/A       N/A         3
 Summon Cactus Giant      Summ           Unusable   N/A       N/A         6

Dungeon Overview and Level Annotations

Branches:
Dungeon (7/15)             Temple (1/1) D:6

Altars:
Ashenzari
Cheibriados
Dithmenos
Elyvilon
Fedhas
Gozag
Hepliaklqana
Kikubaaqudgha
Makhleb
Nemelex Xobeh
Okawaru
Qazlal
Ru
Sif Muna
Trog
Uskayaw
Vehumet
Wu Jian
Xom
Yredelemnul
Zin
The Shining One


Innate Abilities, Weirdness & Mutations

You have very sharp teeth.
You are agile. (Dex +2)
You possess an exceptional clarity of mind.


Message History

The five-headed hydra bites you.
The five-headed hydra barely misses you.
The five-headed hydra bites you.
The five-headed hydra closely misses you.
You block the five-headed hydra's attack.
You puncture the five-headed hydra! You bite the five-headed hydra.
The five-headed hydra is severely wounded.
The five-headed hydra bites you but does no damage.
The five-headed hydra bites you!
* * * LOW HITPOINT WARNING * * *
The five-headed hydra bites you.
* * * LOW HITPOINT WARNING * * *
The five-headed hydra bites you but does no damage.
The five-headed hydra bites you.
* * * LOW HITPOINT WARNING * * *
You flicker for a moment.
You feel much better.
The five-headed hydra barely misses you.
The five-headed hydra bites you!
* * * LOW HITPOINT WARNING * * *
The five-headed hydra bites you.
* * * LOW HITPOINT WARNING * * *
The five-headed hydra barely misses you.
You block the five-headed hydra's attack.
You feel much better. The five-headed hydra bites you.
The five-headed hydra bites you but does no damage.
The five-headed hydra bites you.
The five-headed hydra completely misses you.
The five-headed hydra bites you!
* * * LOW HITPOINT WARNING * * *
Unknown command.
You puncture the five-headed hydra!
The five-headed hydra is heavily wounded.
The five-headed hydra bites you!
* * * LOW HITPOINT WARNING * * *
The five-headed hydra bites you.
* * * LOW HITPOINT WARNING * * *
The five-headed hydra closely misses you.
The five-headed hydra misses you. The five-headed hydra bites you.
You die...

..........#)##...##(#P.####......
..........#..#...#.)#..'..#..[##.
!.........#..#..[#..#..#.[#......
..........###########P.####P..##.
....####......................###
......................(..........
..........######...##..#####.####
###.......# #.......#.## #.###.
#.........####..@....#..# #.#...
#.........##.....D...+..## #.#...
#.....######.#.......##..###.#...
#.....# #..##.............+...
#.....# ##...#####......##.#...
#.....# ##..#..## #....#.##.#...
#.....# ##...#...###....#..#'#...
#.....###..#.#.#........##.......
#...........###[.[......##....###


You could see a five-headed hydra (can't see you).

Vanquished Creatures
  Edmund (D:4)
  2 orc warriors
  A black bear (D:5)
  A phantom (D:6)
  A kobold brigand (D:7)
  3 bullfrogs
  4 howler monkeys (D:7)
  3 hounds
  An orc priest (D:3)
  2 iguanas (D:5)
  Terence (D:3)
  2 orc wizards
  Robin (D:3)
  5 gnolls
  2 adders
  A white imp (D:5)
  2 worms
  2 dart slugs
  25 orcs
  9 bats
  9 endoplasms
  7 giant cockroaches
  19 goblins
  11 hobgoblins
  4 jackals (D:2)
  4 quokkas
  4 ball pythons
  11 kobolds
  2 rats
140 creatures vanquished.

Vanquished Creatures (others)
  3 fungi (D:1)
  13 plants
16 creatures vanquished.

Grand Total: 156 creatures vanquished

Notes
Turn   | Place    | Note
-------+----------+-------------------------------------------
     0 | D:1      | acebull12 the Hill Orc Fighter began the quest for the Orb.
     0 | D:1      | Reached XP level 1. HP: 19/19 MP: 1/1
   420 | D:1      | Found a faded altar of an unknown god.
   431 | D:1      | Reached XP level 2. HP: 25/27 MP: 2/2
   463 | D:1      | Reached skill level 3 in Axes
  1121 | D:1      | Reached XP level 3. HP: 30/33 MP: 3/3
  1413 | D:2      | Reached skill level 4 in Axes
  1937 | D:2      | Reached XP level 4. HP: 40/40 MP: 4/4
  2172 | D:3      | Noticed Terence
  2177 | D:3      | Killed Terence
  2250 | D:3      | Reached XP level 5. HP: 6/47 MP: 5/5
  2624 | D:3      | Reached skill level 5 in Axes
  2714 | D:3      | Found an ancient bone altar of Kikubaaqudgha.
  2840 | D:3      | Identified the +1 ring mail of Liberalism {rN+ Will- Dex+5}
  2891 | D:3      | Identified the +2 helmet "Fumomeix" {Drain rN++ rCorr
                  | Stlth+}
  2891 | D:3      | Noticed Robin
  2900 | D:3      | Killed Robin
  3803 | D:4      | Reached XP level 6. HP: 53/53 MP: 6/6
  3853 | D:4      | Reached skill level 6 in Axes
  3856 | D:4      | Reached skill level 1 in Dodging
  4027 | D:4      | Noticed Edmund
  4048 | D:4      | Killed Edmund
  4718 | D:5      | Entered Level 5 of the Dungeon
  4778 | D:5      | Gained mutation: You are agile. (Dex +2) [potion of
                  | mutation]
  4778 | D:5      | Gained mutation: You have very sharp teeth. [potion of
                  | mutation]
  4778 | D:5      | Gained mutation: You possess an exceptional clarity of
                  | mind. [potion of mutation]
  4832 | D:5      | Reached skill level 5 in Fighting
  4874 | D:5      | Reached skill level 7 in Axes
  4924 | D:5      | Noticed a black bear
  4934 | D:5      | Killed a black bear
  4935 | D:5      | Reached XP level 7. HP: 52/61 MP: 7/7
  5470 | D:5      | Identified the -2 cloak "Pobeih" {rElec rN+ rCorr Int-3}
  5605 | D:6      | Reached skill level 8 in Axes
  5774 | D:6      | Found a staircase to the Ecumenical Temple.
  5784 | D:6      | Reached XP level 8. HP: 65/70 MP: 8/8
  5795 | Temple   | Entered the Ecumenical Temple
  6012 | Temple   | Became a worshipper of Warmaster Okawaru
  6082 | D:6      | Reached skill level 9 in Axes
  6239 | D:6      | Noticed a five-headed hydra
  6372 | D:7      | Reached skill level 5 in Shields
  6521 | D:7      | Reached skill level 5 in Armour
  6645 | D:6      | HP: 2/71 [five-headed hydra (5)]
  6665 | D:6      | Slain by a five-headed hydra

Illustrated notes

Levels and vault maps discovered:
D:1:      zelgadis_glass_arrival_large, layout_basic,
          shapermc_ecumenical_altar_mp_ritualfount
D:2:      layout_rooms, minmay_misc_feat_diagonals
D:3:      layout_loops_ring, lemuel_coloured_pillars_altar,
          chequers_serial_rivers_micro_c, uniq_robin, uniq_terence
D:4:      layout_loops_ring, minmay_diced_spiral, uniq_edmund
D:5:      layout_loops_ring, minivault_25, roderic_st_hans_cross
D:6:      corexii_shack_village, layout_basic, minmay_temple_entry_arrows,
          lightli_church_of_beogh
D:7:      layout_gridville, serial_shops, nicolae_shop_stone, uniq_duvessa
Temple:   kilobyte_greek_temple

Skill      XL: |  1  2  3  4  5  6  7  8 |
---------------+-------------------------+-----
Axes           | 3 4 5 7 8 9 |  9.9
Fighting       | 4 5 6 |  6.3
Armour         | 4 5 |  5.0
Dodging        | 1 |  1.8
Shields        | 4 5 |  5.2
Stealth        | |  0.5

Action                   |  1- 3 |  4- 6 |  7- 9 || total
-------------------------+-------+-------+-------++-------
Melee: War axe           |   102 |   178 |   112 ||   392
       Bite              |       |     7 |    15 ||    22
       Trident           |       |       |     8 ||     8
  Use: Scroll            |       |     4 |       ||     4
       Potion            |       |     1 |     5 ||     6
 Stab: Sleeping          |       |       |     1 ||     1
Armor: Scale mail        |    63 |    19 |       ||    82
       Ring mail         |       |    71 |    44 ||   115
Dodge: Dodged            |    59 |   101 |    81 ||   241
Block: Buckler           |    24 |    46 |    38 ||   108

Table legend: (Time is in decaauts)
 A = Elapsed time spent in this place.
 B = Non-inter-level travel time spent in this place.
 C = Inter-level travel time spent in this place.
 D = Time resting spent in this place.
 E = Time spent auto-exploring this place.
 F = Levels seen in this place.
 G = Mean time per level.
                   A        B        C        D        E       F      G
               +--------+--------+--------+--------+--------+-----+--------+
         Total |   6766 |   6347 |    419 |    714 |   4554 |   8 |  845.8 |
       Dungeon |   6518 |   6128 |    390 |    714 |   4355 |   7 |  931.1 |
        Temple |    247 |    218 |     29 |      0 |    199 |   1 |  247.0 |
               +--------+--------+--------+--------+--------+-----+--------+

Top non-repeatable levels by time:
     D:1: 1404 daAuts
     D:3: 1331 daAuts
     D:4: 1306 daAuts
     D:5: 840 daAuts
     D:2: 805 daAuts
     D:6: 474 daAuts
     D:7: 357 daAuts
  Temple: 247 daAuts
